 Dungeon Crawl Stone Soup version 0.30-a0-359-gd0147acb1a (webtiles) character file.

Game seed: 7766126311657885726

213 Lobster4 the Shooter (level 6, 0/47 HPs)
             Began as a Human Hunter on Nov 12, 2022.
             Killed by nerve-wracking pain
             ... invoked by an orc priest
              (11 damage)
             ... on level 3 of the Dungeon.
             The game lasted 00:07:13 (2812 turns).

Lobster4 the Shooter (Human Hunter)                 Turns: 2812, Time: 00:07:13

Health: 0/47       AC:  7    Str: 11    XL:     6   Next: 14%
Magic:  6/6        EV: 13    Int:  9    God:
Gold:   213        SH:  0    Dex: 19    Spells: 0/5 levels left

rFire   . . .      SeeInvis .    a - +0 shortbow
rCold   . . .      Faith    .    (shield currently unavailable)
rNeg    . . .      Spirit   .    c - +0 leather armour
rPois   .          Reflect  .    m - +2 helmet
rElec   .          Harm     .    (no cloak)
rCorr   .          Rampage  .    l - +0 pair of gloves
Will    .....                    (no boots)
Stlth   ++........               (no amulet)
HPRegen 0.27/turn                n - ring of wizardry
MPRegen 0.10/turn                (no ring)

@: no status effects
A: no striking features
a: no special abilities


You were on level 3 of the Dungeon.
You visited 1 branch of the dungeon, and saw 4 of its levels.

You collected 213 gold pieces.

Inventory:

Hand Weapons
 a - a +0 shortbow (weapon)
 b - a +0 long sword
 g - a +0 short sword
Missiles
 f - 19 poisoned darts
 r - a throwing net
Armour
 c - a +0 leather armour (worn)
 l - a +0 pair of gloves (worn)
 m - a +2 helmet (worn)
Jewellery
 n - a ring of wizardry (left hand)
Scrolls
 e - a scroll of immolation
 h - a scroll of poison
 i - a scroll of teleportation {unknown}
 k - a scroll of fear
Potions
 d - a potion of ambrosia {unknown}
 j - 3 potions of heal wounds {unknown}
 o - a potion of lignification {unknown}
 p - a potion of curing
 q - a potion of attraction {unknown}


   Skills:
 + Level 3.3 Fighting
 + Level 4.8 Ranged Weapons
 + Level 2.5 Armour
 + Level 3.3 Dodging
 - Level 1.0 Stealth
 + Level 0.1 Spellcasting
 + Level 0.1 Necromancy
 + Level 0.0 Earth Magic


You couldn't memorise any spells.
You knew the following spells:

 Your Spells              Type           Power      Damage    Failure   Level
a - Borgnjor's Vile Clut  Necr/Erth      0%         N/A       99%         5

Your spell library contained the following spells:

 Spells                   Type           Power      Damage    Failure   Level
 Shock                    Conj/Air       0%         1d3       21%         1
 Swiftness                Air            0%         N/A       52%         3
 Animate Dead             Necr           0%         N/A       87%         4
 Airstrike                Air            0%         2d(0-16)  88%         4
 Death Channel            Necr           0%         N/A       100%        6


Dungeon Overview and Level Annotations

Branches:
Dungeon (4/15)
 Temple: D:4-7

Altars:
Okawaru
Vehumet

Annotations:
D:2 1 runed translucent door, Crazy Yiuf, Terence
D:3 2 transporters


Message History

The orc priest mumbles some strange prayers to Beogh against you.
Pain shoots through your body!
* * * LOW HITPOINT WARNING * * *
Fire: a) +0 shortbow
Press: ? - help, Q - select action, (/) - cycle Shift-Dir - straight line, f/p - orc priest
Aim: an orc priest, wielding a +0 club and wearing a +0 ring mail (heavily wounded, 68% to hit)
You shoot an arrow. The arrow barely misses the orc priest.
The orc priest closely misses you.
Fire: a) +0 shortbow
Press: ? - help, Q - select action, (/) - cycle Shift-Dir - straight line, f/p - orc priest
Aim: an orc priest, wielding a +0 club and wearing a +0 ring mail (heavily wounded, 68% to hit)
You shoot an arrow.
The arrow hits the orc priest but does no damage.
The orc priest is heavily wounded.
The orc priest hits you but does no damage. x2
Fire: a) +0 shortbow
Press: ? - help, Q - select action, (/) - cycle Shift-Dir - straight line, f/p - orc priest
Aim: an orc priest, wielding a +0 club and wearing a +0 ring mail (heavily wounded, 68% to hit)
You shoot an arrow.
The arrow hits the orc priest but does no damage.
The orc priest is heavily wounded.
The orc priest hits you but does no damage.
Fire: a) +0 shortbow
Press: ? - help, Q - select action, (/) - cycle Shift-Dir - straight line, f/p - orc priest
Aim: an orc priest, wielding a +0 club and wearing a +0 ring mail (heavily wounded, 68% to hit)
You shoot an arrow. The arrow barely misses the orc priest.
The orc priest invokes the aid of Beogh against you.
Beogh smites you!
* * * LOW HITPOINT WARNING * * *
You feel better.
The orc priest hits you but does no damage.
Fire: a) +0 shortbow
Press: ? - help, Q - select action, (/) - cycle Shift-Dir - straight line, f/p - orc priest
Aim: an orc priest, wielding a +0 club and wearing a +0 ring mail (heavily wounded, 68% to hit)
You shoot an arrow. The arrow hits the orc priest.
The orc priest is severely wounded.
The orc priest closely misses you.
The orc priest invokes the aid of Beogh against you.
Pain shoots through your body!
You die...

#.###)# #.# #.# #.###'#### #####
#######.#......# #...#
#....##.#......# #######
#...####....##.#......# #......
###...##.......^...#'#### #......
..'...'.....>.######.######......
###...##.......o@........##......
#.....#..##..######'###.##...[..
#.....#..##..#####...##.##......
#................+...##......>..
######.#####..#####...##.....####
.............................##..
######.#####.#...............'...
.............############....###.
######.####..##....# #....# #.


You could see an orc priest.

Vanquished Creatures
  A hound (D:3)
  Jessica (D:3)
  Robin (D:2)
  5 gnolls
  3 adders
  2 worms
  3 dart slugs
  2 orcs
  3 endoplasms
  3 giant cockroaches
  15 goblins
  4 hobgoblins (D:2)
  9 kobolds
  2 ball pythons (D:3)
  2 bats (D:1)
  4 frilled lizards
  A rat (D:1)
61 creatures vanquished.

Notes
Turn   | Place    | Note
-------+----------+-------------------------------------------
     0 | D:1      | Lobster4 the Human Hunter began the quest for the Orb.
     0 | D:1      | Reached XP level 1. HP: 16/16 MP: 1/1
   123 | D:1      | Reached XP level 2. HP: 22/22 MP: 2/2
   156 | D:1      | Found a radiant altar of Vehumet.
   261 | D:1      | Reached skill level 1 in Armour
   261 | D:1      | Reached XP level 3. HP: 11/28 MP: 3/3
  1088 | D:2      | Noticed Robin
  1225 | D:2      | Killed Robin
  1226 | D:2      | Reached XP level 4. HP: 34/34 MP: 4/4
  1391 | D:2      | Found a runed translucent door.
  1392 | D:2      | Noticed Crazy Yiuf
  1518 | D:2      | Noticed Terence
  1695 | D:2      | Found a faded altar of an unknown god.
  2075 | D:3      | Reached XP level 5. HP: 33/35 MP: 5/5
  2219 | D:3      | Found a transporter.
  2336 | D:3      | Found an iron altar of Okawaru.
  2599 | D:3      | Found a transporter.
  2736 | D:3      | Noticed Jessica
  2738 | D:3      | Killed Jessica
  2739 | D:3      | Reached XP level 6. HP: 47/47 MP: 6/6
  2758 | D:3      | Learned a level 5 spell: Borgnjor's Vile Clutch
  2810 | D:3      | HP: 1/47 [orc priest/divine providence (13)]
  2812 | D:3      | Killed from afar by an orc priest

Illustrated notes

Levels and vault maps discovered:
D:1:      dpeg_arrival_lava_temple_mockup, layout_basic, minmay_hexomino_r4
D:2:      layout_basic, shapermc_ecumenical_altar_mp_highgroup,
          serial_bayou_pond_a, minmay_misc_feat_doors, chequers_avenue,
          corexii_hall_statues_l, uniq_crazy_yiuf_cottage, uniq_robin,
          uniq_terence
D:3:      gammafunk_wand_slinger, layout_basic, okawaru_metal_pillars_3,
          uniq_jessica
D:4:      layout_basic, mainiacjoe_overflow_brackets,
          nicolae_wu_jian_immortal_techniques, minmay_temple_entry_stoned_glass,
          minmay_shop_mass, corexii_item_surrounded_by_moat, grunt_ministairs_15

Skill      XL: |  1  2  3  4  5 |
---------------+----------------+-----
Armour         | 1 2 |  2.5
Fighting       | 3 |  3.3
Dodging        | 3 |  3.3
Ranged Weapons | |  4.8
Stealth        | |  1.0
Spellcasting   | |  0.1
Necromancy     | |  0.1

Action                   |  1- 3 |  4- 6 || total
-------------------------+-------+-------++-------
 Fire: Shortbow          |    77 |   114 ||   191
  Use: Potion            |     2 |     1 ||     3
       Scroll            |       |     4 ||     4
Armor: Leather armour    |     8 |    26 ||    34
Dodge: Dodged            |    18 |    32 ||    50

Table legend: (Time is in decaauts)
 A = Elapsed time spent in this place.
 B = Non-inter-level travel time spent in this place.
 C = Inter-level travel time spent in this place.
 D = Time resting spent in this place.
 E = Time spent auto-exploring this place.
 F = Levels seen in this place.
 G = Mean time per level.
                   A        B        C        D        E       F      G
               +--------+--------+--------+--------+--------+-----+--------+
         Total |   2871 |   2728 |    143 |     73 |   2194 |   4 |  717.8 |
       Dungeon |   2871 |   2728 |    143 |     73 |   2194 |   4 |  717.8 |
               +--------+--------+--------+--------+--------+-----+--------+

Top non-repeatable levels by time:
     D:1: 1104 daAuts
     D:2: 885 daAuts
     D:3: 866 daAuts
     D:4: 14 daAuts
